AoeStats
← Majfon

Pilgrims

509449641Analyzed
3v3 RM · 7d ago on Sep 26, 2026· 47m 0s· 6 players
Game mode
Random Map
Map size
Normal (6 player)
Population
200
Speed
Normal
Resources
Standard
Victory
Conquest
Starting age
Dark Age
Ending age
Imperial Age
RankedLock teamsTeams togetherTeam positionsShared explorationLock speedFull tech treeHidden civsTurbo modeCheats
Victory
Defeat
🇨🇿 Vietnamese · Czechia
1065
+15
🇨🇿 Lithuanians · Czechia
1030
+17
🇨🇿 Armenians · Czechia
1021
+17
🇷🇺 Franks · Russia
1060
-17
🇺🇸 Teutons · United States
1041
-16
🇵🇱 Britons · Poland
1034
-16
Vitaly
13:28 Feudal Age
14:10 Loom
15:10 Wheelbarrow
15:35 Horse Collar
15:48 Double-Bit Axe
18:49 Castle Age
17:32 Fletching
19:32 Stone Mining
20:30 Hand Cart
21:14 Gold Mining
28:01 Pikeman
30:27 Squires
32:13 Heavy Plow
38:59 Imperial Age
36:45 Forging
39:01 Scale Mail Armor
39:15 Halberdier
Ray
5:49 Loom
14:20 Feudal Age
17:16 Town Watch
18:07 Wheelbarrow
16:54 Man-at-Arms
17:21 Arson
26:41 Castle Age
25:59 Scale Barding Armor
26:57 Forging
29:42 Iron Casting
31:14 Hand Cart
30:49 Double-Bit Axe
34:31 Masonry
34:17 Murder Holes
35:43 Gold Mining
35:44 Stone Mining
40:33 Imperial Age
39:14 Fletching
41:03 Cavalier
42:55 Conscription
44:49 Chain Barding Armor
46:52 Plate Barding Armor
Majfon
11:38 Feudal Age
12:15 Feudal Age
19:40 Castle Age
21:21 Wheelbarrow
20:55 Crossbowman
24:16 Fletching
24:27 Padded Archer Armor
26:30 Bodkin Arrow
28:53 Ballistics
31:55 Imperial Age
30:14 Leather Archer Armor
31:58 Pikeman
32:38 Squires
35:13 Chemistry
34:37 Bracer
35:07 Ring Archer Armor
35:50 Conscription
35:52 Yeomen
36:20 Double-Bit Axe
46:57 Hand Cart
Kamil
4:46 Loom
4:53 Loom
11:57 Feudal Age
12:29 Double-Bit Axe
14:36 Arson
16:32 Fletching
18:44 Forging
19:54 Man-at-Arms
23:58 Castle Age
22:04 Scale Mail Armor
23:11 Stone Mining
24:44 Bodkin Arrow
27:33 Elite Skirmisher
30:05 Padded Archer Armor
31:35 Wheelbarrow
33:14 Bow Saw
34:17 Horse Collar
34:40 Gold Mining
35:50 Leather Archer Armor
36:16 Hand Cart
38:35 Gold Shaft Mining
40:43 Heavy Plow
43:18 Imperial Age
41:50 Ballistics
41:41 Masonry
43:24 Murder Holes
44:28 Conscription
43:29 Elite Composite Bowman
44:55 Ring Archer Armor
44:25 Bracer
45:41 Chemistry
44:13 Capped Ram
Geglash
12:26 Feudal Age
17:21 Castle Age
15:10 Loom
17:27 Castle Age
16:09 Fishing Lines
18:15 Double-Bit Axe
18:35 Gillnets
20:59 Fletching
21:09 Padded Archer Armor
29:24 Imperial Age
27:31 Wheelbarrow
26:41 Town Watch
27:03 Bodkin Arrow
27:23 Leather Archer Armor
30:30 Bow Saw
30:48 Bracer
31:19 Ring Archer Armor
31:16 Ballistics
31:45 Thumb Ring
31:00 Elite Skirmisher
32:42 Siege Engineers
35:17 Chemistry
35:10 Imperial Skirmisher
38:15 Two-Man Saw
38:18 Demolition Ship
42:37 Elite Rattan Archer
47:23 Forging
47:15 Scale Mail Armor
Pjenkava
9:13 Loom
12:29 Feudal Age
13:51 Town Watch
17:07 Castle Age
15:26 Double-Bit Axe
16:20 Scale Barding Armor
16:06 Fletching
16:41 Fishing Lines
18:39 Bodkin Arrow
23:18 Gillnets
24:11 Forging
24:38 Horse Collar
25:12 Bow Saw
25:23 Husbandry
27:51 Chain Barding Armor
29:26 Iron Casting
31:52 Wheelbarrow
31:18 Town Patrol
32:58 Hand Cart
38:17 Imperial Age
38:41 Elite Leitis
39:43 Conscription
42:47 Tower Shields
42:50 Hill Forts
42:57 Heavy Plow
44:24 Bloodlines
Connection lost

Rejoining the realm…

Still unreachable

The connection could not be restored.

Session expired

The server has moved on; the page needs a fresh start.